Map: Pendiente de Agustín EE

Players

KingBob

  • Race: Protoss Protoss
  • League: Silver
  • Spawn Location: 12:00

JKL

  • Race: Terran Terran
  • League: Silver
  • Spawn Location: 11:00

Sackpuncher

  • Race: Protoss Protoss
  • Spawn Location: 12:00

TATORREA - Winner!

  • Race: Protoss Protoss
  • League: Silver
  • Spawn Location: 5:00

MrFercho - Winner!

  • Race: Zerg Zerg
  • League: Silver
  • Spawn Location: 6:00

tigro - Winner!

  • Race: Terran Terran
  • League: Bronze
  • Spawn Location: 6:00

VOD

Have the link to the VOD?

Description

Time

  • Played on: June 24, 2020, 9:33 p.m.
  • Length: 16:46
Show
View Real Time Build Order
Export as new Build Order

KingBob Protoss 

Build Orders:  

Get SALT Encoding   

  1  0:00  Probe  
  12  0:05  Probe  
  14  0:15  Probe  
  15  0:37  Pylon  
  15  0:39  Pylon  
  15  0:55  Probe  
  16  0:58  Forge  
  16  1:03  Gateway  
  16  1:06  Probe  
  17  1:14  Probe  
  18  1:24  Probe  
  19  1:33  Photon Cannon  
  19  1:37  Photon Cannon  
  19  1:50  Zealot  
  21  1:56  Pylon  
  21  1:59  Pylon  
  21  2:01  Assimilator  
  21  2:06  Assimilator  
  21  2:09  Pylon  
  21  2:16  Cybernetics Core  
  21  2:17  Probe  
  22  2:25  Probe  
  23  2:35  Probe  
  23  2:36  Photon Cannon  
  23  2:42  Zealot  
  26  2:47  Probe  
  27  2:53  Photon Cannon  
  27  3:04  Photon Cannon  
  27  3:14  Photon Cannon  
  27  3:20  Warp Gate  
  27  3:28  Photon Cannon  
  27  3:34  Zealot  
  27  3:40  Protoss Ground Weapons Level 1  
  29  4:08  Nexus  
  29  4:18  Pylon  
  29  4:38  Twilight Council  
  29  4:44  Pylon  
  29  4:48  Photon Cannon, Probe  
  30  4:56  Probe  
  30  5:02  Photon Cannon  
  30  5:06  Probe  
  31  5:11  Zealot  
  34  5:20  Pylon  
  34  5:27  Photon Cannon  
  34  5:28  Probe  
  34  5:34  Probe  
  35  5:36  Probe  
  35  5:42  Probe  
  37  5:46  Probe  
  37  5:47  Sentry  
  41  5:51  Charge  
  41  5:52  Probe  
  42  5:59  Stargate  
  42  6:07  Assimilator  
  42  6:09  Assimilator  
  42  6:11  Probe  
  42  6:14  Pylon  
  43  6:19  Probe  
  43  6:23  Probe  
  45  6:29  Probe  
  46  6:35  Probe  
  46  6:36  Zealot  
  46  6:38  Probe  
  49  6:43  Probe  
  49  6:46  Probe  
  50  6:51  Void Ray  
  56  6:55  Probe  
  56  6:56  Robotics Facility  
  56  6:59  Probe  
  57  7:07  Probe  
  59  7:11  Stalker, Probe  
  62  7:17  Gateway  
  62  7:23  Probe  
  63  7:33  Pylon  
  63  7:39  Stalker  
  63  7:41  Pylon, Protoss Shields Level 1  
  65  7:44  Void Ray, Pylon  
  65  7:47  Pylon, Observer  
  70  8:04  Fleet Beacon  
  70  8:09  Stalker  
  72  8:21  Photon Cannon  
  72  8:25  Photon Cannon  
  72  8:30  Photon Cannon  
  72  8:33  Stalker  
  53  8:34  Stalker  
  54  8:51  Probe  
  54  8:54  Probe  
  55  8:59  Probe  
  55  9:02  Probe  
  56  9:09  Probe  
  58  9:12  Probe  
  60  9:18  Probe  
  60  9:21  Nexus  
  61  9:26  Probe  
  62  9:33  Pylon  
  62  9:35  Probe  
  62  9:45  Pylon  
  63  9:49  Pylon  
  63  9:51  Assimilator  
  63  9:59  Stalker  
  64  10:00  Stalker  
  67  10:07  Probe  
  63  10:24  Probe  
  64  10:31  Pylon  
  64  10:34  Photon Cannon  
  60  10:36  Photon Cannon, Probe  
  60  10:37  Photon Cannon  
  60  10:40  Assimilator  
  61  10:43  Stalker  
  61  10:44  Stalker  
  65  11:00  Photon Cannon  
  65  11:02  Photon Cannon  
  65  11:03  Photon Cannon  
  65  11:09  Probe  
  65  11:17  Probe  
  66  11:19  Photon Cannon  
  66  11:23  Probe  
  67  11:27  Probe  
  67  11:31  Probe  
  69  11:39  Tempest, Probe  
  71  11:41  Probe  
  71  11:46  Pylon  
  72  11:49  Pylon  
  72  11:51  Probe  
  78  11:57  Stalker  
  80  12:04  Photon Cannon x2  
  80  12:07  Photon Cannon  
  80  12:08  Probe  
  81  12:16  Protoss Air Weapons Level 1, Probe x2  
  83  12:24  Probe  
  83  12:25  Pylon  
  83  12:26  Probe  
  83  12:27  Assimilator  
  85  12:30  Photon Cannon  
  85  12:34  Tempest, Probe  
  86  12:38  Probe  
  92  12:50  Probe  
  93  12:58  Stargate  
  93  12:59  Stargate  
  93  13:01  Stalker x2  
  93  13:02  Probe  
  98  13:14  Gateway, Probe  
  98  13:16  Gateway  
  98  13:19  Gateway  
  74  13:26  Probe  
  54  13:29  Stalker  
  54  13:30  Stalker  
  61  13:57  Unknown  
  54  14:04  Tempest  
  54  14:19  Pylon  
  53  14:24  Protoss Air Armor Level 1  
  53  14:56  Nexus  
  53  15:10  Pylon  
  53  15:13  Pylon  
  48  15:26  Forge  
  48  15:32  Tempest  
  37  15:43  Pylon  
  37  15:45  Pylon  
  37  15:47  Robotics Bay  
  29  16:04  Stalker x3  
  29  16:05  Stalker  
  29  16:07  Probe  
  38  16:15  Probe  
  38  16:24  Photon Cannon  
  38  16:25  Probe  
  39  16:29  Photon Cannon  
  40  16:32  Photon Cannon  
  40  16:37  Photon Cannon  
Show
View Real Time Build Order
Export as new Build Order

JKL Terran 

Build Orders:  

Get SALT Encoding   

  12  0:01  SCV  
  13  0:35  Supply Depot  
  13  0:36  SCV  
  14  0:53  Supply Depot  
  14  0:54  SCV  
  15  1:06  Supply Depot, SCV  
  16  1:15  Supply Depot  
  16  1:18  SCV  
  16  1:21  Barracks  
  17  1:46  Barracks  
  17  1:48  SCV  
  18  2:00  SCV  
  19  2:04  Refinery  
  19  2:06  Refinery  
  19  2:12  SCV  
  20  2:16  Marine  
  21  2:33  Marine  
  21  2:36  SCV  
  23  2:40  Command Center  
  23  2:48  SCV  
  23  2:49  Marine  
  25  2:51  Marine  
  26  3:11  Marine x2  
  28  3:19  Engineering Bay  
  28  3:21  Factory  
  28  3:36  Orbital Command  
  28  3:48  Hi-Sec Auto Tracking  
  28  3:55  Missile Turret  
  28  4:01  SCV  
  29  4:13  SCV  
  29  4:15  Missile Turret  
  30  4:35  SCV  
  31  4:38  SCV  
  31  4:42  Starport  
  31  4:44  Factory Tech Lab  
  32  4:48  SCV  
  32  4:50  SCV  
  34  4:55  Supply Depot  
  34  5:00  Marine x2, SCV  
  34  5:02  SCV  
  38  5:12  SCV  
  38  5:13  Factory Tech Lab  
  39  5:15  SCV  
  39  5:18  Bunker, Marine x2  
  42  5:26  Missile Turret  
  42  5:27  Missile Turret  
  42  5:31  Missile Turret  
  42  5:35  Orbital Command  
  42  6:01  Fusion Core  
  42  6:04  Supply Depot  
  42  6:14  SCV  
  42  6:15  SCV  
  44  6:19  Barracks Reactor  
  44  6:29  Bunker  
  44  6:33  Command Center  
  44  6:44  Terran Infantry Weapons Level 1  
  44  6:51  Marine  
  45  7:00  Bunker  
  45  7:04  SCV x2  
  47  7:09  Marine  
  48  7:17  Refinery  
  48  7:18  Refinery  
  48  7:25  Supply Depot x2  
  48  7:26  Supply Depot  
  48  7:27  Marine  
  48  7:29  Battlecruiser  
  55  7:31  Supply Depot  
  55  7:38  Starport, Weapon Refit  
  55  7:42  Cyclone  
  58  7:45  Marine x2  
  58  7:47  Marine  
  61  8:02  Marine  
  62  8:08  Sensor Tower  
  62  8:13  Sensor Tower  
  62  8:34  Sensor Tower  
  62  9:07  Battlecruiser, Starport Tech Lab  
  68  9:40  Battlecruiser  
  68  9:43  Marine x3  
  71  10:01  Marine x3  
  71  10:06  Cyclone  
  77  10:15  Missile Turret  
  77  10:16  Missile Turret  
  77  10:17  Missile Turret  
  77  10:18  Missile Turret  
  77  10:19  Marine x2, Missile Turret  
  79  10:22  Missile Turret  
  79  10:26  Battlecruiser, Missile Turret  
  79  10:27  Missile Turret  
  85  10:37  Missile Turret  
  85  10:38  Cyclone  
  82  11:39  Marine  
  76  11:40  Marine x2  
  76  11:45  Cyclone  
  82  11:57  Marine x2  
  82  11:58  Marine  
  85  12:03  Battlecruiser x2  
  97  12:11  Armory, SCV x2  
  97  12:12  SCV  
  97  12:15  Marine  
  100  12:18  Cyclone  
  104  12:23  SCV  
  104  12:24  SCV  
  104  12:25  Starport x2  
  106  12:37  Neosteel Armor  
  106  12:58  Armory  
  106  13:05  Marine x3  
  107  13:11  Battlecruiser  
  115  13:23  Marine x3  
  111  13:52  Marine  
  109  14:14  Marine x3  
  77  14:32  Marine x3  
  45  14:50  Marine x3  
  47  15:03  Viking  
  47  15:04  Viking x2  
  53  15:08  Marine x3  
  51  15:26  Marine x3  
  51  15:34  Viking  
  50  15:43  Marine x3  
  44  16:01  Marine  
  38  16:04  Viking  
Show
View Real Time Build Order
Export as new Build Order

Sackpuncher Protoss 

Build Orders: 1 Gate Expand, Zealot Archon 

Get SALT Encoding   

  12  0:01  Probe  
  13  0:14  Probe  
  14  0:19  Pylon  
  14  0:27  Probe  
  15  0:35  Probe  
  15  0:40  Gateway  
  16  0:45  Assimilator  
  16  0:51  Probe  
  17  1:03  Probe  
  18  1:38  Nexus  
  18  1:39  Cybernetics Core  
  18  1:42  Probe  
  18  1:43  Assimilator  
  19  1:50  Probe  
  19  1:58  Warp Gate  
  19  2:00  Probe  
  21  2:27  Gateway  
  21  3:12  Probe  
  21  3:20  Probe  
  21  3:25  Pylon  
  22  3:30  Probe  
  23  3:38  Pylon  
  23  3:42  Probe  
  23  3:44  Assimilator  
  23  3:46  Assimilator  
  24  3:54  Robotics Facility, Probe  
  25  4:04  Stalker x2  
  25  4:09  Probe  
  30  4:16  Twilight Council  
  30  4:21  Probe  
  30  4:22  Forge  
  31  4:32  Pylon  
  31  4:33  Probe  
  31  4:37  Stalker  
  31  4:38  Stalker  
  36  4:41  Probe  
  37  4:47  Immortal  
  37  4:49  Probe  
  41  4:54  Charge  
  41  4:56  Protoss Ground Weapons Level 1  
  41  4:59  Probe  
  42  5:04  Photon Cannon  
  43  5:10  Photon Cannon  
  43  5:12  Probe  
  44  5:25  Photon Cannon  
  44  5:29  Photon Cannon  
  44  5:32  Probe  
  45  5:40  Probe  
  45  5:49  Probe  
  47  6:02  Probe  
  48  6:04  Templar Archives  
  48  6:07  Gateway  
  48  6:09  Gateway  
  48  6:14  Probe  
  48  6:15  Gateway  
  49  6:19  Gateway  
  49  6:22  Probe  
  49  6:30  Probe  
  50  6:35  Immortal  
  55  6:40  Probe  
  56  7:00  Nexus  
  56  7:04  Pylon  
  56  7:09  Assimilator  
  56  7:11  Assimilator  
  56  7:16  Pylon  
  56  7:17  Pylon  
  56  7:18  Pylon  
  56  7:26  Protoss Ground Weapons Level 2  
  56  7:31  Pylon  
  56  7:32  Pylon  
  56  7:33  Pylon  
  56  7:35  Pylon  
  56  7:38  High Templar x2  
  56  7:39  High Templar x2  
  56  7:40  High Templar x2  
  68  7:45  Archon x2  
  68  7:46  Archon  
  68  7:53  Photon Cannon  
  68  7:57  Photon Cannon  
  68  7:58  Photon Cannon  
  68  9:07  Probe  
  69  9:19  Probe, High Templar x3  
  69  9:20  High Templar x2  
  69  9:21  High Templar  
  82  9:26  Gateway  
  82  9:27  Gateway  
  82  9:29  Gateway  
  82  9:31  Probe  
  82  9:35  Gateway  
  83  9:43  Archon x3  
  83  9:45  Probe  
  84  9:53  Probe  
  85  10:03  Probe  
  86  10:24  Probe  
  87  10:32  Probe  
  87  10:42  Probe  
  88  10:43  High Templar x4  
  88  10:44  High Templar x4  
  88  10:45  High Templar x2  
  88  10:48  Archon x3  
  88  10:49  Archon  
  109  10:50  Archon  
  109  10:54  Probe  
  110  11:06  Probe  
  75  11:47  High Templar x3  
  75  11:48  High Templar x4  
  75  11:49  High Templar  
  75  11:52  Zealot  
  75  11:53  Zealot  
  95  11:55  Archon  
  95  11:56  Archon x3  
  95  12:05  Protoss Ground Weapons Level 3  
  95  12:26  Gateway x2  
  95  12:30  Gateway  
  95  12:32  Gateway  
  95  12:48  Warp Prism  
  97  12:53  Zealot x3  
  97  12:54  Zealot x4  
  97  12:55  Zealot x3  
  117  13:07  Pylon  
  117  13:11  Pylon  
  117  13:16  Pylon  
  117  13:24  Warp Prism  
  92  13:40  High Templar x4  
  92  13:41  High Templar x3  
  78  13:42  High Templar x3  
  78  13:44  High Templar  
  86  13:53  High Templar  
  88  13:57  Archon x4  
  88  13:58  Archon  
  88  13:59  Warp Prism  
  88  14:00  Archon  
  64  14:34  Stalker x5  
  64  14:35  Stalker x2  
  64  14:36  Stalker x2  
  64  14:37  Stalker x3  
  79  14:39  Stalker  
  56  15:06  Stalker x4  
  52  15:26  Zealot x3  
  52  15:27  Zealot x3  
  62  15:29  Zealot x3  
  62  15:30  Zealot  
  30  16:03  Stalker x3  
  30  16:04  Stalker  
  22  16:26  Zealot x2  
  22  16:27  Zealot x5  
  22  16:28  Zealot x3  
Show
View Real Time Build Order
Export as new Build Order

TATORREA Protoss - Winner!

Build Orders: Carriers 

Get SALT Encoding   

  12  0:02  Probe  
  13  0:14  Probe  
  14  0:23  Pylon  
  14  0:26  Probe  
  15  0:41  Probe  
  16  0:45  Gateway  
  16  0:54  Probe  
  17  1:06  Probe  
  18  1:18  Probe  
  19  1:30  Probe  
  20  1:41  Cybernetics Core  
  20  1:45  Probe, Nexus  
  21  1:47  Pylon  
  21  1:53  Assimilator  
  21  1:57  Probe  
  21  1:59  Assimilator  
  22  2:05  Zealot  
  24  2:09  Probe  
  25  2:21  Probe  
  26  2:32  Probe  
  26  2:35  Pylon  
  27  2:38  Pylon  
  27  2:40  Probe  
  28  2:48  Warp Gate, Probe  
  28  2:49  Stalker  
  30  2:55  Probe  
  30  2:56  Probe  
  31  3:03  Probe  
  31  3:04  Probe  
  33  3:08  Assimilator  
  33  3:10  Assimilator  
  33  3:12  Probe  
  35  3:18  Probe  
  36  3:20  Probe  
  36  3:21  Stargate  
  36  3:26  Probe  
  38  3:28  Probe  
  40  3:35  Probe  
  40  3:39  Probe  
  42  3:47  Probe  
  43  3:51  Probe  
  44  3:59  Probe  
  45  4:03  Probe  
  45  4:04  Nexus  
  45  4:05  Pylon  
  46  4:11  Probe  
  46  4:15  Probe  
  48  4:23  Probe  
  49  4:25  Fleet Beacon  
  49  4:27  Probe  
  50  4:35  Probe  
  51  4:39  Probe  
  52  4:48  Probe  
  52  4:51  Pylon  
  52  4:52  Probe  
  54  4:53  Pylon  
  54  4:58  Stalker  
  54  4:59  Pylon  
  56  5:00  Probe  
  56  5:02  Pylon  
  56  5:04  Probe  
  56  5:05  Pylon  
  58  5:08  Pylon  
  58  5:10  Stargate  
  58  5:12  Probe  
  59  5:16  Probe, Stargate  
  59  5:18  Probe  
  59  5:19  Stargate  
  61  5:24  Probe  
  61  5:28  Assimilator, Probe  
  63  5:30  Assimilator, Probe  
  64  5:36  Probe  
  64  5:40  Probe  
  66  5:43  Probe, Cybernetics Core  
  66  5:48  Protoss Air Weapons Level 1, Probe  
  68  5:52  Probe  
  68  5:55  Probe  
  70  6:00  Probe  
  71  6:04  Probe  
  71  6:05  Nexus  
  71  6:06  Pylon  
  71  6:07  Probe  
  73  6:12  Probe  
  73  6:16  Probe  
  75  6:19  Probe  
  75  6:24  Probe  
  77  6:28  Probe  
  77  6:31  Probe  
  79  6:35  Tempest  
  79  6:36  Tempest, Carrier x2, Probe  
  102  6:41  Probe  
  102  6:43  Probe  
  104  6:49  Probe  
  104  6:53  Probe  
  106  6:55  Probe  
  106  7:01  Probe  
  108  7:08  Probe x2  
  110  7:12  Assimilator  
  110  7:13  Probe  
  110  7:15  Assimilator  
  111  7:23  Tempest, Carrier  
  111  7:24  Nexus  
  111  7:25  Protoss Air Armor Level 1, Pylon  
  122  7:30  Pylon  
  122  7:34  Pylon  
  122  7:39  Tempest  
  127  7:56  Assimilator  
  127  7:59  Assimilator  
  127  8:00  Pylon  
  127  8:03  Pylon  
  127  8:07  Pylon  
  127  8:10  Tempest, Carrier  
  127  8:12  Pylon  
  138  8:16  Pylon  
  138  8:20  Pylon  
  138  8:23  Protoss Air Weapons Level 2, Carrier  
  144  8:27  Tempest  
  149  8:53  Carrier  
  155  9:10  Tempest  
  155  9:14  Carrier  
  166  9:17  Protoss Air Armor Level 2  
  166  9:27  Tempest  
  171  9:53  Carrier  
  171  9:57  Carrier  
  183  10:09  Tempest  
  188  10:18  Carrier  
  194  10:31  Protoss Air Weapons Level 3  
  194  10:52  Tempest  
  199  11:35  Carrier  
  193  11:54  Carrier  
  199  12:09  Protoss Air Armor Level 3  
  199  12:43  Nexus  
  199  12:44  Pylon  
  199  12:49  Pylon  
  188  15:51  Tempest  
  192  16:23  Assimilator  
  190  16:30  Assimilator  
Show
View Real Time Build Order
Export as new Build Order

MrFercho Zerg - Winner!

Build Orders: Hatch First, Muta Ling Bane 

Get SALT Encoding   

  12  0:01  Drone  
  13  0:12  Overlord  
  13  0:18  Drone  
  14  0:31  Drone x2  
  16  0:36  Drone  
  17  0:47  Drone  
  18  1:04  Hatchery  
  17  1:11  Spawning Pool  
  17  1:17  Overlord  
  16  1:29  Drone x3  
  19  1:34  Extractor  
  18  1:44  Drone  
  19  1:55  Drone  
  19  2:01  Queen  
  20  2:04  Overlord  
  23  2:15  Drone  
  23  2:20  Zergling x2  
  24  2:32  Overlord  
  24  2:35  Zergling x2  
  24  2:36  Zergling x2  
  26  2:42  Zergling x2  
  27  2:47  Metabolic Boost  
  27  2:51  Queen  
  29  2:53  Drone x2  
  29  2:57  Drone  
  32  2:59  Drone  
  33  3:06  Drone  
  33  3:07  Evolution Chamber  
  33  3:12  Lair  
  33  3:17  Zergling x2  
  33  3:19  Zergling x6  
  37  3:26  Drone x2  
  39  3:42  Drone x2  
  39  3:43  Drone  
  39  3:44  Drone  
  43  3:48  Extractor  
  43  3:49  Zerg Melee Weapons Level 1  
  43  3:53  Drone  
  43  4:01  Drone  
  44  4:12  Extractor  
  44  4:13  Extractor, Queen, Overlord  
  44  4:14  Overlord  
  44  4:32  Drone x4  
  48  4:41  Zergling x8  
  52  4:57  Hatchery  
  52  4:59  Drone x2  
  55  5:00  Drone x2  
  55  5:02  Drone x3  
  58  5:26  Nydus Network, Zergling x4  
  58  5:27  Zergling x2  
  58  5:28  Overlord x4  
  60  5:33  Baneling Nest  
  60  5:34  Drone  
  60  5:39  Drone, Spire  
  60  5:42  Overlord x2  
  60  5:51  Overseer  
  60  6:01  Zerg Melee Weapons Level 2  
  60  6:13  Evolution Chamber  
  60  6:14  Zergling x2  
  60  6:15  Zergling x20  
  70  6:28  Zergling x8  
  74  6:38  Baneling  
  74  6:39  Baneling x21  
  74  6:46  Drone  
  74  6:47  Drone x3  
  78  7:00  Centrifical Hooks  
  78  7:02  Zerg Flyer Weapons Level 1  
  78  7:20  Hatchery  
  77  7:22  Extractor  
  77  7:27  Extractor  
  75  7:40  Nydus Canal  
  75  8:00  Mutalisk x7  
  87  8:28  Zergling x2  
  87  8:29  Zergling x44  
  87  8:30  Zergling x2  
  83  9:03  Mutalisk x7  
  97  9:21  Drone x8  
  105  9:30  Infestation Pit  
  104  9:31  Mutalisk x2  
  97  10:05  Corruptor x3  
  91  10:36  Corruptor x4  
  99  10:49  Hive  
  99  10:59  Zergling x2  
  99  11:00  Zergling x40  
  99  11:03  Overlord x4  
  120  11:49  Zergling x2  
  120  11:50  Zergling x26  
  134  12:02  Drone x6  
  140  12:14  Queen  
  142  12:23  Greater Spire  
  142  12:27  Spire  
  142  12:28  Zerg Melee Weapons Level 3  
  142  12:29  Zerg Ground Armor Level 1  
  141  12:40  Hatchery  
  141  12:42  Mutalisk  
  141  12:43  Mutalisk x4  
  115  13:44  Zergling x2  
  115  13:45  Zergling x40  
  136  14:04  Brood Lord x4  
  144  14:11  Corruptor x4  
  152  14:50  Baneling  
  152  14:51  Baneling x27  
  152  14:52  Baneling x14  
  152  14:56  Mutalisk x2  
  156  15:02  Brood Lord  
Show
View Real Time Build Order
Export as new Build Order

tigro Terran - Winner!

Build Orders:  

Get SALT Encoding   

  12  0:04  SCV  
  13  0:16  SCV  
  14  0:25  Supply Depot  
  14  0:28  SCV  
  15  0:35  Refinery  
  15  0:46  SCV  
  16  0:52  Barracks  
  16  0:58  SCV  
  17  1:09  Refinery  
  17  1:10  SCV  
  18  1:21  Supply Depot  
  18  1:23  SCV  
  19  1:35  SCV  
  20  1:42  Marine  
  21  1:50  Barracks  
  21  1:52  SCV  
  22  1:59  Marine  
  23  2:04  SCV  
  24  2:11  Engineering Bay  
  24  2:16  SCV  
  24  2:17  Marine  
  26  2:28  SCV  
  27  2:35  Marine  
  28  2:42  Barracks Reactor  
  28  2:43  Factory  
  28  2:53  Marine  
  28  2:55  Terran Infantry Weapons Level 1  
  29  3:12  Barracks Tech Lab, Missile Turret  
  29  3:24  Orbital Command  
  29  3:30  Factory Tech Lab  
  29  3:43  Combat Shield  
  29  3:44  Command Center  
  29  4:02  Refinery  
  29  4:25  Starport  
  29  4:34  Marine x2  
  31  4:44  Marine  
  32  4:49  Terran Infantry Armor Level 1  
  32  4:52  Marine x2  
  34  4:59  Refinery  
  34  5:02  Stimpack, Marine, SCV  
  34  5:03  Starport  
  36  5:09  Marine  
  36  5:12  Siege Tank  
  36  5:14  SCV  
  41  5:18  Medivac  
  43  5:26  SCV  
  44  5:38  SCV  
  45  5:47  Starport Tech Lab  
  45  5:50  SCV  
  46  5:58  Starport Tech Lab  
  46  6:02  SCV  
  47  6:14  SCV  
  48  6:26  SCV  
  49  6:36  Fusion Core  
  49  6:38  SCV  
  50  6:42  Concussive Shells  
  50  6:43  Neosteel Armor  
  50  6:46  Mag-Field Accelerator  
  50  6:50  Banshee, SCV  
  54  6:57  Banshee  
  57  7:03  SCV  
  58  7:15  SCV  
  59  7:22  Supply Depot  
  59  7:25  Armory  
  59  7:40  SCV  
  60  7:45  Supply Depot  
  60  7:47  Cloaking Field  
  60  7:51  Hyperflight Rotors  
  60  7:52  SCV  
  61  8:04  SCV  
  62  8:08  Supply Depot  
  62  8:16  SCV  
  63  8:23  Hi-Sec Auto Tracking  
  63  8:25  Infernal Pre-Igniter  
  63  8:27  Command Center  
  63  8:28  SCV, Weapon Refit  
  63  8:33  Terran Vehicle Weapons Level 1  
  64  9:03  Refinery  
  64  9:08  Missile Turret  
  64  9:36  Missile Turret  
  64  9:40  Refinery  
  64  9:49  Battlecruiser  
  64  9:50  Battlecruiser  
  64  9:51  Corvid Reactor  
  76  10:05  Missile Turret  
  76  10:08  Rapid Reignition System  
  76  10:14  Marine x3  
  79  10:27  Missile Turret, Terran Vehicle And Ship Armor Level 1  
  79  10:32  Marine x3  
  81  10:50  Marine x3  
  81  10:54  Battlecruiser  
  76  11:05  Advanced Ballistics  
  76  11:07  Marine  
  76  11:08  Marine x2  
  60  11:26  Marine  
  61  12:01  Missile Turret  
  61  12:03  Planetary Fortress  
  61  12:20  Battlecruiser  
  73  12:24  Medivac  
  73  12:26  Missile Turret  
  69  12:37  SCV  
  70  12:49  SCV  
  71  12:55  Battlecruiser  
  77  13:01  SCV, Missile Turret  
  77  13:05  Marine x3  
  81  13:13  SCV  
  82  13:23  Marine x3, Missile Turret  
  82  13:24  Battlecruiser  
  82  13:25  SCV  
  92  13:41  Marine x3  
  81  13:46  Missile Turret  
  67  13:58  Marine  
  67  13:59  Marine x2  
  68  14:03  Battlecruiser  
  74  14:16  Marine  
  74  14:17  Marine x2  
  77  14:28  Battlecruiser  
  83  14:34  Marine x3  
  86  14:52  Marine  
  87  14:53  Marine x2  
  89  15:08  Medivac  
  89  15:10  Marine  
  89  15:11  Marine x2  
  94  15:28  Marine  
  95  15:29  Marine x2  
  95  15:32  Battlecruiser  
  103  15:38  Medivac  
  105  15:46  Marine  
  105  15:47  Marine x2  
  108  16:03  Marine  
  109  16:04  Marine  
  109  16:05  Marine  
  117  16:21  Marine  
  117  16:22  Marine x2  
Tags
 
Add a new tag
Caveats
  • Supply blocks, unpowered buildings, or Contaminate may cause inaccurate times.
  • Supply counts are checked every 10 seconds.